 Dungeon Crawl Stone Soup version 0.32-a0-292-g751ec8d2e7 (webtiles) character file.

Game seed: 18065709739232178837

461 GordonOverkill the Chopper (level 6, -3/52 HPs)
             Began as a Minotaur Hexslinger on Feb 11, 2024.
             Was an Initiate of Makhleb.
             Slain by an orc warrior
             ... wielding a +0 long sword
              (11 damage)
             ... on level 6 of the Dungeon on Feb 14, 2024.
             The game lasted 00:06:35 (3079 turns).

GordonOverkill the Chopper (Minotaur Hexslinger)    Turns: 3079, Time: 00:06:35

Health: -3/52      AC:  8    Str: 15    XL:     6   Next: 79%
Magic:  6/6        EV:  7    Int: 10    God:    Makhleb [......]
Gold:   227        SH:  0    Dex: 12    Spells: 7/7 levels left

rFire   . . .        q - +0 war axe
rCold   . . .        (no shield)
rNeg    . . .        m - +0 chain mail
rPois   .            (helmet restricted)
rElec   .            (no cloak)
rCorr   .            (no gloves)
SInv    .            (no boots)
Will    +....        (no amulet) Stlth
                     d - ring of willpower
HPRegen 0.28/turn    (no ring)
MPRegen 0.10/turn

%: no passive effects
@: attractive
A: horns 2, retaliatory headbutt
a: Renounce Religion


You were on level 6 of the Dungeon.
You worshipped Makhleb.
Makhleb was noncommittal.
You visited 1 branch of the dungeon, and saw 4 of its levels.

You collected 227 gold pieces.

Inventory:

Hand Weapons
 a - a +1 sling
 q - a +0 war axe (weapon)
 w - a +0 flail
Armour
 m - a +0 chain mail (worn)
Jewellery
 d - a ring of willpower (left hand)
Scrolls
 b - a scroll of poison
 e - 6 scrolls of identify {unknown}
 k - a scroll of amnesia {unknown}
 l - a scroll of acquirement {unknown}
 n - a scroll of butterflies {unknown}
 o - a scroll of immolation {unknown}
 r - a scroll of fog {unknown}
 s - a scroll of teleportation {unknown}
 u - a scroll of enchant weapon {unknown}
 v - a scroll of enchant armour {unknown}
Potions
 i - a potion of might
 j - a potion of magic
 p - a potion of lignification {unknown}
 t - a potion of invisibility {unknown}


   Skills:
 - Level 4.0 Fighting
 - Level 7.0 Axes
 - Level 2.1 Ranged Weapons
 + Level 2.2 Armour
 - Level 2.1 Dodging
 - Level 1.0 Spellcasting
 - Level 2.0 Hexes
 - Level 0.6 Fire Magic


You had 7 spell levels left.
You didn't know any spells.
Your spell library contained the following spells:

 Spells                   Type           Power      Damage    Failure   Level
 Jinxbite                 Hex            8%         N/A       97%         2
 Inner Flame              Hex/Fire       3%         N/A       100%        3
 Sigil of Binding         Hex            4%         N/A       100%        3
 Cause Fear               Hex            2%         N/A       100%        4
 Dimensional Bullseye     Hex/Tloc       1%         N/A       100%        4


Dungeon Overview and Level Annotations

Branches:
Dungeon (3/15)

Altars:
Makhleb
Xom


Innate Abilities, Weirdness & Mutations

You have a pair of horns on your head.
You reflexively headbutt those who attack you in melee.


Message History

A magic dart appears from out of thin air!
The magic dart hits you.
You hit something but do no damage. Something hits you.
You miss something. You headbutt something. Makhleb accepts your kill.
Reactivating autopickup.
You feel a bit more experienced.
Training target 4.0 for Fighting reached!
Your Fighting skill increases to level 4!
You need to enable at least one skill for training.
You slash the orc!
You kill the orc!
Makhleb accepts your kill.
You hit the orc warrior.
The orc warrior is lightly wounded.
The orc warrior hits you with a +0 long sword.
You closely miss the orc warrior. You headbutt the orc warrior.
The orc warrior is lightly wounded.
The orc warrior barely misses you.
The orc warrior hits you with a +0 long sword.
* * * LOW HITPOINT WARNING * * *
You closely miss the orc warrior.
The orc warrior is lightly wounded.
The orc warrior closely misses you. You furiously retaliate!
You headbutt the orc warrior! You hit the orc warrior.
The orc warrior is heavily wounded.
The orc warrior hits you with a +0 long sword!
* * * LOW HITPOINT WARNING * * *
You closely miss the orc warrior. Your headbutt misses the orc warrior.
The orc warrior is heavily wounded.
The orc warrior hits you with a +0 long sword!
* * * LOW HITPOINT WARNING * * *
It was a potion of magic.
Magic courses through your body.
The orc warrior hits you with a +0 long sword.
* * * LOW HITPOINT WARNING * * *
It was a potion of attraction.
You feel attractive to monsters.
The orc warrior hits you with a +0 long sword!
You die...

###.###.# #.#
# #......%#
#.#
##.#.....###
#.#
#.........#
#.#
###..#..)...##
#.#
........))...#
#...####.##..#
.........##..#
........@##..#
.......##o{..#
....... #.##.#
....^..##.##.#
#....###.....#
#.... #..####
#... #..# ####
#o.# #o.#


You could see an orc warrior.

Vanquished Creatures
  An orc warrior (D:6)
  A scorpion (D:6)
  An orc priest (D:6)
  A hound (D:6)
  An iguana (D:6)
  3 orc wizards (D:6)
  5 adders
  4 dart slugs
  10 orcs
  3 bats (D:1)
  4 endoplasms
  5 giant cockroaches
  6 goblins
  5 hobgoblins
  9 jackals
  5 quokkas
  4 ball pythons
  A frilled lizard (D:3)
  7 kobolds
  4 rats
80 creatures vanquished.

Notes
Turn   | Place    | Note
-------+----------+-------------------------------------------
     0 | D:1      | GordonOverkill the Minotaur Hexslinger began the quest for
                  | the Orb.
     0 | D:1      | Reached XP level 1. HP: 16/16 MP: 1/1
   195 | D:1      | Noticed a great orb of eyes
   197 | D:1      | Found a faded altar of an unknown god.
   199 | D:1      | Noticed a golden eye
   199 | D:1      | Noticed a golden eye
   199 | D:1      | Noticed a golden eye
   242 | D:1      | Reached skill level 1 in Axes
   268 | D:1      | Reached XP level 2. HP: 24/24 MP: 2/2
   377 | D:1      | Reached skill level 2 in Axes
   972 | D:2      | Reached XP level 3. HP: 28/29 MP: 3/3
   973 | D:2      | Reached skill level 3 in Axes
  1226 | D:2      | Reached skill level 4 in Axes
  1267 | D:2      | Reached XP level 4. HP: 29/36 MP: 4/4
  1531 | D:2      | Found a shimmering altar of Xom.
  2063 | D:3      | Found a burning altar of Makhleb.
  2169 | D:3      | Reached skill level 5 in Axes
  2312 | D:3      | Became a worshipper of Makhleb the Destroyer
  2441 | D:3      | Reached skill level 1 in Armour
  2695 | D:3      | You fall into a shaft and drop 3 floors!
  2701 | D:6      | Noticed a scorpion
  2723 | D:6      | Killed a scorpion
  2724 | D:6      | Upgraded the game from 0.32-a0-141-g04fe69798e to
                  | 0.32-a0-292-g751ec8d2e7
  2724 | D:6      | Reached XP level 5. HP: 33/41 MP: 5/5
  2817 | D:6      | Noticed an orc warrior
  2832 | D:6      | Reached skill level 6 in Axes
  2841 | D:6      | Killed an orc warrior
  2842 | D:6      | Reached XP level 6. HP: 23/48 MP: 6/6
  2850 | D:6      | Reached skill level 7 in Axes
  3055 | D:6      | Noticed an orc warrior
  3079 | D:6      | Slain by an orc warrior

Illustrated notes

Levels and vault maps discovered:
D:1:      minmay_arrival_shoal_huts, layout_basic,
          hellmonk_ecumenical_altar_watching_god
D:2:      layout_basic, basic_altar, chequers_serial_rivers_micro_b,
          minmay_misc_feat_nine_boxes, chequers_serial_rivers_large_b,
          minmay_divided_ellipse
D:3:      layout_loops_ring, riverfiend_overflow_shadow_ancestor,
          amcnicky_altar_gilded, mainiacjoe_overflow_alcove_2
D:6:      layout_loops_ring, roderic_batcave

Skill      XL: |  1  2  3  4  5  6 |
---------------+-------------------+-----
Fighting       | 2 4 |  4.0
Axes           | 1 2 4 5 6 7 |  7.0
Armour         | 2 |  2.2
Ranged Weapons | |  2.1
Dodging        | |  2.1
Spellcasting   | |  1.0
Hexes          | |  2.0
Fire Magic     | |  0.6

Action                     |  1- 3 |  4- 6 || total
---------------------------+-------+-------++-------
  Melee: War axe           |       |    53 ||    53
         Headbutt          |       |     6 ||     6
   Fire: Sling             |    95 |    98 ||   193
    Use: Potion            |       |     6 ||     6
 Armour: Robe              |    18 |    14 ||    32
         Chain mail        |       |    64 ||    64
         Ring mail         |       |    20 ||    20
  Dodge: Dodged            |    34 |    65 ||    99

Table legend: (Time is in decaauts)
 A = Elapsed time spent in this place.
 B = Non-inter-level travel time spent in this place.
 C = Inter-level travel time spent in this place.
 D = Time resting spent in this place.
 E = Time spent auto-exploring this place.
 F = Levels seen in this place.
 G = Mean time per level.
                   A        B        C        D        E       F      G
               +--------+--------+--------+--------+--------+-----+--------+
         Total |   3187 |   2873 |    314 |    523 |   1720 |   4 |  796.8 |
       Dungeon |   3187 |   2873 |    314 |    523 |   1720 |   4 |  796.8 |
               +--------+--------+--------+--------+--------+-----+--------+

Top non-repeatable levels by time:
     D:2: 1070 daAuts
     D:1: 871 daAuts
     D:3: 851 daAuts
     D:6: 393 daAuts
